 Dungeon Crawl Stone Soup version 0.21.1-1-g345015f (webtiles) character file.

12721 shakethe the Cleaver (level 11, -3/71 HPs)
             Began as a Gargoyle Fighter on Feb 15, 2018.
             Was a High Priest of Okawaru.
             Slain by Snorg (9 damage)
             ... on level 10 of the Dungeon.
             The game lasted 00:23:46 (10592 turns).

shakethe the Cleaver (Gargoyle Fighter)            Turns: 10592, Time: 00:23:47

Health: -3/71      AC: 30    Str: 22    XL:     11   Next: 97%
Magic:  13/14      EV:  9    Int: 12    God:    Okawaru [*****.]
Gold:   166        SH:  6    Dex:  9    Spells: 10/10 levels left

rFire    . . .     SeeInvis .   a - +0 war axe
rCold    . . .     Gourm    +   d - +1 buckler {rN+}
rNeg     + + .     Faith    .   B - +0 plate armour
rPois    ∞         Spirit   .   h - +2 helmet
rElec    +         Reflect  .   (no cloak)
rCorr    .         Harm     .   (no gloves)
MR       +....                  k - +1 pair of boots
Stlth    ..........             x - amulet of the gourmand {Gourm, !d}
HPRegen  0.21/turn              i - +2 ring of strength
MPRegen  0.14/turn              j - ring of protection from magic {MR+, !d}

@: heroism, hasted, studying Bows, very quick
A: negative energy resistance 1, electricity resistance, unbreathing,
petrification resistance, rot immunity, AC +8
a: Heroism, Finesse, Renounce Religion


You were on level 10 of the Dungeon.
You worshipped Okawaru.
Okawaru was extremely pleased with you.
You were not hungry.

You visited 2 branches of the dungeon, and saw 11 of its levels.

You collected 376 gold pieces.
You spent 210 gold pieces at shops.

Inventory:

Hand Weapons
 a - a +0 war axe (weapon)
 c - a +0 trident
   (You took it off an orc on level 10 of the Dungeon)
 K - a +0 trident
   (You took it off an orc on level 10 of the Dungeon)
Armour
 d - a +1 buckler of positive energy (worn)
   (Okawaru gifted it to you on level 10 of the Dungeon)
 h - a +2 helmet (worn)
   (You found it on level 1 of the Dungeon)
 k - a +1 pair of boots (worn)
   (You found it on level 3 of the Dungeon)
 B - a +0 plate armour (worn)
   (You took it off an orc warrior on level 6 of the Dungeon)
Jewellery
 i - a +2 ring of strength (left hand)
   (You found it on level 1 of the Dungeon)
 j - a ring of protection from magic (right hand) {MR+, !d}
   (You found it on level 2 of the Dungeon)
 x - an amulet of the gourmand (around neck) {Gourm, !d}
   (You took it off a gnoll on level 4 of the Dungeon)
 L - an uncursed ring of poison resistance {unknown}
   (You found it on level 10 of the Dungeon)
Wands
 b - a wand of flame (42)
   (You took it off a hobgoblin on level 7 of the Dungeon)
 z - a wand of paralysis (9)
   (You found it on level 6 of the Dungeon)
 H - a wand of acid (8)
   (You found it on level 10 of the Dungeon)
Scrolls
 e - 5 scrolls of identify
 l - a scroll of immolation {!r}
 m - 4 scrolls of remove curse
 o - 2 scrolls of magic mapping {!r}
 p - 8 scrolls of amnesia
 q - 4 scrolls of teleportation
 t - a scroll of blinking {!r}
 C - a scroll of vulnerability {unknown}
 D - a scroll of enchant weapon {unknown}
Potions
 g - 3 potions of invisibility
 n - 3 potions of curing
 s - a potion of heal wounds
 u - 2 potions of flight
 v - a potion of degeneration {!q}
 w - 3 potions of berserk rage {!q}
 E - a potion of resistance {unknown}
 F - a potion of brilliance {unknown}
 G - a potion of magic {unknown}
Books
 r - a book of Maledictions
   (You found it on level 3 of the Dungeon)
 y - a book of Conjurations
   (You found it on level 6 of the Dungeon)
 I - a manual of Bows {!d}
   (You found it on level 10 of the Dungeon)
 J - a book of Power
   (You found it on level 10 of the Dungeon)
Comestibles
 f - 18 rations


   Skills:
 + Level 9.2(14.2) Fighting
 * Level 13.2(18.2) Axes
 + Level 9.2(14.2) Armour
 - Level 3.2(8.2) Shields
 + Level 4.2 Invocations


You had 10 spell levels left.
You didn't know any spells.

Dungeon Overview and Level Annotations

Branches:
Dungeon (10/15)            Temple (1/1) D:5            Lair (0/6) D:10
    Orc (0/2) D:9

Altars:
Ashenzari
Cheibriados
Dithmenos
Elyvilon
Fedhas
Gozag
Hepliaklqana
Kikubaaqudgha
Makhleb
Nemelex Xobeh
Okawaru
Qazlal
Ru
Sif Muna
Trog
Uskayaw
Vehumet
Wu Jian
Xom
Yredelemnul
Zin
The Shining One

Shops:
D:6 (   D:7 [   D:9 !

Annotations:
D:10 Snorg


Innate Abilities, Weirdness & Mutations

You are resistant to torment.
Your stone body is resilient. (AC +8)
You are immune to poison.
You resist negative energy. (rN+)
You are resistant to electric shocks. (rElec)
You can survive without breathing.
You are immune to petrification.
You are immune to rotting.


Message History

You block something's attack. Something hits you but does no damage.
Something hits you but does no damage.
You see here a book of Power.
You block something's attack.
MP restored: 14 Something hits you but does no damage.
You see here a book of Power.
Something hits you but does no damage. Something hits you but does no damage.
You see here a book of Power.
You hit something but do no damage.
Something hits you but does no damage. x2
Something hits you. You block something's attack.
You take 2 damage, and have 35/71 hp.
You closely miss something. Something hits you but does no damage.
Something hits you but does no damage. x2
You slash something! Something hits you but does no damage.
Something hits you but does no damage. Something hits you but does no damage.
Something hits you but does no damage.
You see here a book of Power.
You block something's attack.
You feel like a meek peon again. Something hits you but does no damage.
Something hits you but does no damage. Something hits you.
You take 2 damage, and have 35/71 hp.
You slash something! Something hits you but does no damage.
Something hits you but does no damage. Something hits you but does no damage.
You see here a book of Power.
Something hits you.
You take 2 damage, and have 34/71 hp.
Something hits you but does no damage. You block something's attack.
Something hits you but does no damage.
You see here a book of Power.
Something hits you but does no damage. Something hits you but does no damage.
Something hits you but does no damage.
You see here a book of Power.
You closely miss something.
Something hits you but does no damage. x2
You miss something. Something hits you.
You take 2 damage, and have 33/71 hp.
Something hits you but does no damage. x2
You see here a book of Power.
You slash something! Okawaru accepts your kill.
Reactivating autopickup.
You feel a bit more experienced.
J - a book of Power
There are no items here.
You start resting.
Health restored: 71
L - a knobbly cabochon ring
Items here: ( ) [ ÷÷ a shortbow; 22 arrows; a +0 troll leather armour {regen}; a troll skeleton an orc skeleton Snorg the Insatiable comes into view.
Snorg shouts!
Snorg moves out of view.
A two-headed ogre comes into view. It is wielding two giant clubs.
The two-headed ogre shouts in stereo!
Snorg goes berserk!
You hear a shout!
You gain the combat prowess of a mighty hero.
Snorg bites you!! Snorg claws you but does no damage. x2
You take 18 damage, and have 53/71 hp.
MASSIVE DAMAGE!!
You now have 12/14 mp.
You feel yourself speed up. Snorg bites you but does no damage.
Snorg barely misses you. Snorg claws you! Snorg barely misses you.
Snorg claws you but does no damage. x2
You take 9 damage, and have 44/71 hp.
Okay, then.
You hit Snorg. You slash Snorg! Snorg barely misses you.
You block Snorg's attack. Snorg closely misses you.
You slash Snorg! Snorg barely misses you. Snorg claws you but does no damage.
Snorg claws you.
You take 1 damage, and have 44/71 hp.
You closely miss Snorg. You hit Snorg. Snorg bites you.
Snorg completely misses you. Snorg claws you!
You take 12 damage, and have 32/71 hp.
You slash Snorg! Snorg bites you but does no damage. Snorg claws you.
Snorg claws you but does no damage.
You take 1 damage, and have 31/71 hp.
Your plate armour prevents you from hitting Snorg.
You slash Snorg! You block Snorg's attack. Snorg claws you!
* * * LOW HITPOINT WARNING * * *
Snorg misses you.
You take 11 damage, and have 20/71 hp.
Okay, then.
Okay, then.
Okay, then.
You slash Snorg! You block Snorg's attack. Snorg claws you.
* * * LOW HITPOINT WARNING * * *
Snorg claws you but does no damage.
You take 6 damage, and have 14/71 hp.
Snorg bites you!
* * * LOW HITPOINT WARNING * * *
Snorg claws you!
You die...

..#
#.#..#.....#.....##..#....#
###
#.#.##.....#..#####..#....#
###
#.#.##....##..#####..##...#
..#
#.#.##....#..#.....#..#...#
..#
#.#.##....#...........#...#
..#
#.#<##.#.##...#####...##..#
..#
#.####.#.#)####...####)#..#
..# ....###.........##...#
..# #....@...##........#
..# #..###T#...........#
..# # #................#
#.#..############# #.#O##
#.#.# ..#.# #.#.# .....


You could see Snorg (berserk) and a two-headed ogre.

Vanquished Creatures
  The ghost of Quirk the Blocker, a journeyman GnFi of Ashenzari (D:10)
  2 centaur warriors (D:10)
  2 two-headed ogres
  The ghost of xccam the Skirmisher, a novice GnWn of Okawaru (D:7)
  An unseen horror (D:10)
  A komodo dragon (D:10)
  3 trolls
  2 hornets (D:9)
  4 hippogriffs
  A vampire (D:10)
  2 hungry ghosts
  A wraith (D:10)
  A vampire mosquito (D:10)
  Eustachio (D:4)
  2 soldier ants (D:9)
  An ice beast (D:8)
  10 orc warriors
  2 sky beasts (D:10)
  6 ogres
  A necrophage (D:9)
  4 centaurs
  2 big kobolds (D:9)
  3 bullfrogs
  3 gnoll sergeants
  A wyvern zombie (D:10)
  2 scorpions (D:7)
  2 wyvern skeletons (D:10)
  11 killer bees
  3 wights (D:8)
  3 howler monkeys
  3 crimson imps
  2 centaur zombies
  A bullfrog zombie (D:7)
  5 hounds
  4 orc priests
  4 jellies
  2 centaur skeletons
  2 iguanas
  9 orc wizards
  4 worker ants
  A killer bee zombie (D:7)
  A hound skeleton (D:10)
  14 adders
  21 gnolls
  2 shadow imps
  2 adder skeletons
  4 oozes
  5 worms
  2 leopard geckos
  38 orcs
  5 giant cockroaches
  6 goblins
  5 hobgoblins
  8 jackals
  A quokka (D:6)
  A ball python (D:3)
  5 bats
  2 frilled lizards (D:1)
  17 kobolds
  A leopard gecko zombie (D:5)
  A quokka skeleton (D:10)
  A quokka zombie (D:8)
  6 rats
264 creatures vanquished.

Vanquished Creatures (others)
  2 plants (D:10)
2 creatures vanquished.

Grand Total: 266 creatures vanquished

Notes
Turn   | Place    | Note
-------+----------+-------------------------------------------
     0 | D:1      | shakethe the Gargoyle Fighter began the quest for the Orb.
     0 | D:1      | Reached XP level 1. HP: 14/14 MP: 1/1
   209 | D:1      | Reached skill level 2 in Axes
   335 | D:1      | Reached XP level 2. HP: 19/19 MP: 2/2
   871 | D:2      | Reached skill level 3 in Axes
   871 | D:2      | Reached XP level 3. HP: 19/23 MP: 3/3
  1111 | D:2      | Found an opulent altar of Gozag.
  1111 | D:2      | Found a sparkling altar of Nemelex Xobeh.
  1211 | D:2      | Reached XP level 4. HP: 28/28 MP: 4/4
  1226 | D:2      | Found a hide-covered altar of Uskayaw.
  1648 | D:2      | Reached skill level 4 in Axes
  1845 | D:3      | Found a glowing golden altar of the Shining One.
  2019 | D:3      | Reached XP level 5. HP: 29/32 MP: 5/5
  2199 | D:3      | Found a shimmering altar of Xom.
  2199 | D:3      | Found a glowing silver altar of Zin.
  2199 | D:3      | Noticed an angel
  2371 | D:4      | Reached skill level 5 in Axes
  2403 | D:4      | Found a basalt altar of Yredelemnul.
  2490 | D:4      | Reached XP level 6. HP: 26/37 MP: 6/6
  2663 | D:4      | Reached skill level 6 in Axes
  2726 | D:4      | Reached XP level 7. HP: 28/41 MP: 7/7
  2780 | D:4      | Noticed Eustachio
  2938 | D:4      | Killed Eustachio
  2938 | D:4      | Reached skill level 7 in Axes
  3398 | D:5      | Entered Level 5 of the Dungeon
  3452 | D:5      | Found a staircase to the Ecumenical Temple.
  3533 | Temple   | Entered the Ecumenical Temple
  3816 | D:5      | Reached skill level 8 in Axes
  3938 | D:5      | Reached XP level 8. HP: 38/46 MP: 8/8
  4273 | D:5      | Found an iron altar of Okawaru.
  4355 | D:5      | Became a worshipper of Warmaster Okawaru
  4541 | D:6      | Reached skill level 9 in Axes
  5097 | D:6      | Found Isatz's Antique Weapon Boutique.
  5493 | D:6      | Reached * piety under Okawaru
  5546 | D:6      | Reached skill level 4 in Fighting
  5548 | D:6      | Reached skill level 4 in Armour
  5829 | D:7      | Found Ratogup's Antique Armour Emporium.
  5905 | D:7      | Reached XP level 9. HP: 49/52 MP: 9/9
  5958 | D:7      | Noticed xccam's ghost (novice GnWn)
  6067 | D:8      | Reached skill level 10 in Axes
  6246 | D:7      | Killed xccam's ghost
  6246 | D:7      | Reached ** piety under Okawaru
  6246 | D:7      | Reached skill level 5 in Fighting
  6246 | D:7      | Reached skill level 5 in Armour
  6612 | D:7      | Found a radiant altar of Vehumet.
  6655 | D:7      | Reached *** piety under Okawaru
  6824 | D:7      | Found an ornate altar of the Wu Jian Council.
  7042 | D:8      | Reached skill level 6 in Fighting
  7042 | D:8      | Reached skill level 11 in Axes
  7042 | D:8      | Reached skill level 6 in Armour
  7225 | D:8      | Found a shattered altar of Ashenzari.
  7408 | D:8      | Reached XP level 10. HP: 60/60 MP: 10/10
  7574 | D:9      | Reached skill level 1 in Invocations
  7716 | D:9      | Reached **** piety under Okawaru
  7921 | D:9      | Found Veol's Distillery.
  7929 | D:9      | Bought a potion of haste for 140 gold pieces
  7929 | D:9      | Bought a potion of heal wounds for 70 gold pieces
  8044 | D:9      | Found a snail-covered altar of Cheibriados.
  8105 | D:9      | Reached skill level 7 in Armour
  8108 | D:9      | Reached skill level 7 in Fighting
  8293 | D:9      | Noticed a two-headed ogre
  8305 | D:9      | Killed a two-headed ogre
  8625 | D:9      | Found a staircase to the Orcish Mines.
  8636 | D:9      | Reached skill level 12 in Axes
  8652 | D:9      | Reached ***** piety under Okawaru
  8672 | D:9      | Reached XP level 11. HP: 28/68 MP: 12/12
  8983 | D:9      | Reached skill level 8 in Fighting
  8983 | D:9      | Reached skill level 8 in Armour
  9084 | D:10     | Entered Level 10 of the Dungeon
  9167 | D:10     | Noticed Quirk's ghost (journeyman GnFi)
  9209 | D:10     | Killed Quirk's ghost
  9255 | D:10     | Received a gift from Okawaru
  9583 | D:10     | Reached skill level 2 in Invocations
  9620 | D:10     | Found a staircase to the Lair.
  9734 | D:10     | Noticed a centaur warrior
  9756 | D:10     | Killed a centaur warrior
 10020 | D:10     | Noticed a two-headed ogre
 10052 | D:10     | Reached skill level 3 in Invocations
 10083 | D:10     | Killed a two-headed ogre
 10083 | D:10     | Reached skill level 13 in Axes
 10253 | D:10     | Noticed a centaur warrior
 10258 | D:10     | Reached skill level 9 in Armour
 10267 | D:10     | Reached skill level 9 in Fighting
 10268 | D:10     | Killed a centaur warrior
 10282 | D:10     | Reached skill level 4 in Invocations
 10362 | D:10     | Killed an unseen horror
 10572 | D:10     | Noticed Snorg
 10575 | D:10     | Noticed a two-headed ogre
 10588 | D:10     | HP: 14/71 [Snorg (6)]
 10592 | D:10     | HP: 6/71 [Snorg (9)]
 10592 | D:10     | Slain by Snorg

Skill      XL: |  1  2  3  4  5  6  7  8  9 10 11 |
---------------+----------------------------------+-----
Axes           | 2 3 4 5 6 8 9 11 12 13 | 13.2
Fighting       | 4 6 7 9 |  9.2
Armour         | 4 6 7 9 |  9.2
Invocations    | 1 4 |  4.2
Shields        | |  3.2

Action                   |  1- 3 |  4- 6 |  7- 9 | 10-12 || total
-------------------------+-------+-------+-------+-------++-------
Melee: War axe           |    93 |   199 |   427 |   647 ||  1366
Invok: Heroism           |       |       |       |    11 ||    11
Evoke: Wand              |       |       |       |     4 ||     4
  Use: Scroll            |       |     7 |     8 |       ||    15
       Potion            |       |       |     1 |     4 ||     5
  Eat: Chunk             |     1 |     5 |    22 |    15 ||    43
       Ration            |       |       |     1 |       ||     1
Armor: Scale mail        |    36 |   131 |   155 |       ||   322
       Plate armour      |       |       |   157 |   499 ||   656
Dodge: Dodged            |    28 |    69 |   114 |   143 ||   354
Block: Shield            |    50 |   108 |   240 |   153 ||   551
       Buckler           |       |       |       |    55 ||    55

Vault maps used:
D:1:      roderic_crossed_star
D:2:      grunt_temple_overflow_opulence, eat_drink_and_be_merry_uskayaw,
          minivault_23
D:3:      grunt_temple_overflow_order_and_chaos_1, old_standard_altar,
          first_ration
D:4:      lemuel_doored_altar, uniq_eustachio
D:5:      kennysheep_mini, minmay_temple_entry_purple_smoke, nrook_pool_corridor
D:6:      serial_shops, nicolae_shop_stone
D:7:      lemuel_coloured_pillars_altar, vehumet_altar_wand_db, serial_shops,
          nicolae_shop_temple_entry_statues_fountains, serial_co_window_serial,
          co_window_cross_1, co_window_paths_a, co_window_corner_a,
          co_window_paths_a, co_window_paths_a, co_window_cross_4,
          co_window_unsneaky_path_e, co_window_corner_b, co_window_corner_ca,
          glass_columns_a, glass_columns_c, glass_columns_b, glass_columns_a,
          glass_columns_c
D:8:      overflow_temple_1_default
D:9:      old_standard_altar, kennysheep_orc_monster_closet_entryway,
          serial_shops, shop, hangedman_pestilent_swarm
D:10:     david_lair_shrubbed, minmay_pinched_square, uniq_snorg
Temple:   eino_temple_lava

Table legend:
 A = Turns spent in this place as a percentage of turns spent in the entire game.
 B = Non-inter-level travel turns spent in this place as a percentage of non-inter-level travel turns spent in the entire game.
 C = Inter-level travel turns spent in this place as a percentage of turns spent in this place.
 D = Turns resting spent in this place as a percentage of non-inter-level travel turns spent in this place.
 E = Turns spent auto-exploring this place as a percentage of non-inter-level travel turns spent in this place.
 F = Non-inter-level travel turns spent in this place divided by the number of levels of this place that you've seen.
                   A       B       C       D       E      F
               +-------+-------+-------+-------+-------+----------------------
         Total | 100.0 | 100.0 |   2.3 |  23.0 |  45.5 | 941.1
       Dungeon |  99.2 |  99.2 |   2.3 |  23.2 |  45.2 | 1026.7
        Temple |   0.8 |   0.8 |   0.0 |   0.0 |  81.2 |  85.0
               +-------+-------+-------+-------+-------+----------------------

Table legend:
 A = Kills in this place as a percentage of kills in entire the game.
 B = Kills by you in this place as a percentage of kills by you in the entire game.
 C = Kills by friends in this place as a percentage of kills by friends in the entire game.
 D = Other kills in this place as a percentage of other kills in the entire game.
 E = Experience gained in this place as a percentage of experience gained in the entire game.
 F = Experience gained in this place divided by the number of levels of this place that you have seen.
                   A       B       C       D       E      F
               +-------+-------+-------+-------+-------+----------------------
         Total | 100.0 | 100.0 |   N/A |   N/A | 100.0 | 1652.1
       Dungeon | 100.0 | 100.0 |   N/A |   N/A | 100.0 | 1817.3
               +-------+-------+-------+-------+-------+----------------------
